 Dungeon Crawl Stone Soup version 0.30.0-30-g96aa6591b8 (webtiles) character file.

Game seed: 10939383578419670925

77 H0rd4k the Charlatan (level 4, -1/33 HPs)
             Began as a Human Artificer on June 26, 2023.
             Succumbed to a goblin's poison
             ... on level 2 of the Dungeon.
             The game lasted 00:01:41 (1263 turns).

H0rd4k the Charlatan (Human Artificer)              Turns: 1263, Time: 00:01:42

Health: -1/33      AC:  3    Str: 12    XL:     4   Next: 58%
Magic:  4/4        EV: 11    Int: 13    God:
Gold:   34         SH:  0    Dex: 14    Spells: 3/3 levels left

rFire   . . .        a - +0 club
rCold   + . .        (no shield)
rNeg    . . .        b - +0 leather armour
rPois   .            (no helmet)
rElec   .            (no cloak)
rCorr   .            (no gloves)
SInv    .            (no boots)
Will    .....        (no amulet)
Stlth   ++           i - ring of protection from cold
HPRegen 0.25/turn    (no ring)
MPRegen 0.09/turn

%: no passive effects
@: lethally poisoned (-1 -> -19)
A: no striking features
a: no special abilities


You were on level 2 of the Dungeon.
You visited 1 branch of the dungeon, and saw 2 of its levels.

You collected 34 gold pieces.

Inventory:

Hand Weapons
 a - a +0 club (weapon)
Armour
 b - a +0 leather armour (worn)
Jewellery
 i - a ring of protection from cold (left hand)
Wands
 c - a wand of flame (15) (quivered)
 d - a wand of charming (13)
 e - a wand of iceblast (3)
Scrolls
 f - a scroll of enchant weapon {unknown}
 h - a scroll of brand weapon {unknown}
Potions
 g - a potion of ambrosia {unknown}
 j - 2 potions of haste {unknown}
 k - a potion of degeneration {unknown}


   Skills:
 + Level 1.7 Fighting
 + Level 2.0 Maces & Flails
 - Level 2.0 Armour
 + Level 1.7 Dodging
 + Level 1.6 Stealth
 + Level 3.6 Evocations


You had 3 spell levels left.
You didn't know any spells.
Your spell library contained the following spells:

 Spells                   Type           Power      Damage    Failure   Level
 Ensorcelled Hibernation  Hex/Ice        0%         N/A       52%         2
 Passwall                 Tmut/Erth      0%         N/A       52%         2
 Swiftness                Air            0%         N/A       75%         3


Dungeon Overview and Level Annotations

Branches:
Dungeon (2/15)

Altars:

Annotations:
D:2 Robin


Message History

The worm is moderately wounded.
The goblin hits you with a +0 dagger. The worm barely misses you.
You hit the worm.
The worm is heavily wounded.
The goblin hits you with a +0 dagger. The goblin barely misses you.
The worm bites you but does no damage.
You barely miss the worm.
The worm is moderately wounded.
Robin throws the goblin at you!
The goblin hits you with a +2 dagger of venom.
The goblin hits you with a +0 short sword.
The goblin misses you.
You hit the worm.
The worm is heavily wounded.
The goblin misses you.
The goblin hits you with a +0 short sword.
The goblin hits you with a +2 dagger of venom.
You are poisoned.
The worm closely misses you. The goblin hits you but does no damage.
Robin throws the goblin at you!
You barely miss the worm.
The worm is heavily wounded.
You feel very sick. The goblin barely misses you.
The goblin closely misses you.
The goblin misses you. x2; The goblin hits you with a +0 dagger.
The worm barely misses you. The goblin attacks as you move away!
The goblin closely misses you.
You feel sick.
Robin roars a battlecry!
The goblins go into a battle-frenzy!
The goblin hits you with a +2 dagger of venom.
* * * LOW HITPOINT WARNING * * *
You are lethally poisoned!
The goblin closely misses you. The goblin hits you but does no damage.
The goblin hits you with a +0 dagger.
* * * LOW HITPOINT WARNING * * *
The goblin attacks as you move away! The goblin closely misses you.
The goblin attacks as you move away! The goblin hits you with a +0 club.
* * * LOW HITPOINT WARNING * * *
You die...

.........# .........#
.........# .........#
.........#
.........########
...........).††.#
.........######.#+#######
######### #..@.......#
########..g.g.....#
..........ggg.....#
............w......
########.....g....#
#..........' #..........#
#........... ..#####.....


You could see a worm, Robin and 5 goblins.

Vanquished Creatures
  Jessica (D:2)
  3 dart slugs
  3 giant cockroaches (D:1)
  5 goblins
  6 hobgoblins
  3 jackals (D:2)
  4 ball pythons (D:1)
  4 bats (D:1)
  4 frilled lizards
  4 kobolds (D:1)
  5 rats (D:1)
42 creatures vanquished.

Vanquished Creatures (others)
  A hobgoblin (D:1)
1 creature vanquished.

Grand Total: 43 creatures vanquished

Notes
Turn   | Place    | Note
-------+----------+-------------------------------------------
     0 | D:1      | H0rd4k the Human Artificer began the quest for the Orb.
     0 | D:1      | Reached XP level 1. HP: 15/15 MP: 1/1
   130 | D:1      | Found a faded altar of an unknown god.
   256 | D:1      | Reached XP level 2. HP: 10/21 MP: 2/2
   546 | D:1      | Found Zaxzel's Assorted Antiques.
   570 | D:1      | Reached XP level 3. HP: 14/26 MP: 3/3
   797 | D:1      | Reached skill level 1 in Maces & Flails
  1084 | D:2      | Noticed Jessica
  1086 | D:2      | Killed Jessica
  1087 | D:2      | Reached XP level 4. HP: 32/32 MP: 4/4
  1255 | D:2      | Noticed Robin
  1263 | D:2      | Succumbed to a goblin's poison

Illustrated notes

Levels and vault maps discovered:
D:1:      shiori_shiawase, layout_basic, ebering_ecumenical_altar_webs,
          serial_shops, shop
D:2:      layout_basic, uniq_robin, uniq_natasha, uniq_jessica

Skill      XL: |  1  2  3  4 |
---------------+-------------+-----
Maces & Flails | 1 2 |  2.0
Fighting       | |  1.7
Armour         | |  2.0
Dodging        | |  1.7
Stealth        | |  1.6
Evocations     | |  3.6

Action                     |  1- 3 |  4- 6 || total
---------------------------+-------+-------++-------
  Melee: Club              |   133 |    66 ||   199
  Evoke: Wand              |     4 |       ||     4
   Stab: Sleeping          |     3 |       ||     3
 Armour: Leather armour    |    74 |    22 ||    96
  Dodge: Dodged            |   100 |    57 ||   157
